 Dungeon Crawl Stone Soup version 0.23-a0-310-gdcc7a32 (webtiles) character file.

549 lemonriz the Digger (level 7, 43/43 HPs)
             Began as a Gargoyle Earth Elementalist on Oct 13, 2018.
             Was a Follower of the Shining One.
             Starved to death
             ... on level 4 of the Dungeon.
             The game lasted 00:12:08 (4299 turns).

lemonriz the Digger (Gargoyle Earth Elementalist)   Turns: 4299, Time: 00:12:08

Health: 43/43      AC: 13    Str:  9    XL:     7   Next: 28%
Magic:  11/11      EV: 10    Int: 17    God:    the Shining One [*.....]
Gold:   148        SH:  0    Dex: 10    Spells: 8/12 levels left

rFire    . . .     SeeInvis .   v - +12 dagger of Radicalism {pierce, +Rage rC- MR+++ Str-3}
rCold    x . .     Gourm    .   (no shield)
rNeg     + . .     Faith    .   m - +0 ring mail
rPois    ∞         Spirit   .   a - +0 helmet
rElec    +         Reflect  .   (no cloak)
rCorr    .         Harm     .   (no gloves)
MR       +++..                  g - +0 pair of boots
Stlth    +.........             (no amulet)
HPRegen  0.14/turn              (no ring)
MPRegen  0.12/turn              (no ring)

@: fainting, glowing
A: negative energy resistance 1, electricity resistance, unbreathing,
petrification resistance, rot immunity, AC +4
a: Renounce Religion, Evoke Berserk Rage


You were on level 4 of the Dungeon.
You worshipped the Shining One.
The Shining One was aware of your devotion.
You were fainting.

You visited 1 branch of the dungeon, and saw 5 of its levels.

You collected 148 gold pieces.

Inventory:

Hand Weapons
 j - a +1 club
 r - a +0 flail
 v - the +12 dagger of Radicalism (weapon) {pierce, +Rage rC- MR+++ Str-3}
   (You found it on level 5 of the Dungeon)

   It inflicts extra damage upon your enemies.
   It affects your strength (-3).
   It makes you vulnerable to cold.
   It affects your resistance to hostile enchantments.
   It lets you go berserk.
Missiles
 b - 3 stones
 k - 4 javelins (quivered)
Armour
 a - a +0 helmet (worn)
 g - a +0 pair of boots (worn)
 m - a +0 ring mail (worn)
Wands
 d - a wand of iceblast (6)
 l - a wand of flame (18)
 s - a wand of polymorph (14)
Scrolls
 o - 2 scrolls of random uselessness {unknown}
 p - a scroll of remove curse
 t - a scroll of fear {unknown}
Potions
 c - a potion of curing
 e - a potion of resistance
 f - 2 potions of might {unknown}
 h - 2 potions of flight {unknown}
 i - 2 potions of haste
 n - 2 potions of mutation
 q - a potion of brilliance {unknown}
 u - a potion of heal wounds {unknown}
 w - a potion of degeneration {unknown}


   Skills:
 + Level 4.1 Fighting
 + Level 3.8 Armour
 - Level 1.5 Dodging
 - Level 3.0 Stealth
 - Level 3.0 Spellcasting
   Level 0.7 Transmutations
 + Level 6.0 Earth Magic


You had 8 spell levels left.
You knew the following spells:

 Your Spells              Type           Power        Failure   Level  Hunger
a - Sandblast             Erth           ###...       3%          1    None
b - Stone Arrow           Conj/Erth      ##....       36%         3    ###....

Your spell library contained the following spells:

 Spells                   Type           Power        Failure   Level  Hunger
 Passwall                 Tmut/Erth      ##......     17%         2    ##.....
 Lee's Rapid Deconstruct  Erth           ###.......   71%         5    ######.
 Petrify                  Tmut/Erth      ##......     75%         4    ####...


Dungeon Overview and Level Annotations

Branches:
Dungeon (5/15)             Temple (0/1) D:4

Altars:
Ashenzari
Kikubaaqudgha
Nemelex Xobeh
Okawaru
Ru
Trog
Zin
The Shining One

Annotations:
D:4 2 transporters, Soeti's ghost, novice OpTm


Innate Abilities, Weirdness & Mutations

You are resistant to torment.
Your stone body is resilient. (AC +4)
You are immune to poison.
You resist negative energy. (rN+)
You are resistant to electric shocks. (rElec)
You can survive without breathing.
You are immune to petrification.
You are immune to rotting.


Message History

You kill the giant cockroach!
You hit the rat.
You kill the rat!
o - 2 scrolls labeled QIV ZEFRUS (gained 1)
You lose consciousness!
You can move again.
Okay, then.
You see here a pair of boots.
Found a stone staircase leading down.
You lose consciousness!
You can move again.
There is a stone staircase leading down here.
You lose consciousness!
You can move again.
You lose consciousness!
You can move again.
You aren't carrying any food.
There is an escape hatch in the ceiling here.
You have starved to death.
You die...

.##.# #.# .##.#
#<# .##.# #.# ..
.# #.# #.# #. #.#
#. #.# #.
##########.# ##.##
#.....@....#
##...##
###.##########
#.....###.....#
.......##.###.####
..._......# #....#
.......##.# #.##.#
#.....###.....##.#
##...## #.######.#
##.##..#.# #.#


There were no monsters in sight!

Vanquished Creatures
  An ogre (D:4)
  2 howler monkeys
  A centaur zombie (D:5)
  Ijyb (D:3)
  Natasha (thrice) (D:3)
  4 orc wizards
  A hound skeleton (D:3)
  A worker ant zombie (D:3)
  5 adders
  A gnoll (D:1)
  2 worms
  2 dart slugs
  3 leopard geckos
  5 orcs
  2 ball pythons
  2 bat zombies (D:3)
  3 giant cockroaches
  5 goblins
  7 hobgoblins
  2 quokkas
  6 bats
  5 frilled lizards
  A jackal skeleton (D:4)
  6 kobolds
  A leopard gecko skeleton (D:4)
  A quokka skeleton (D:4)
  8 rats
  2 rat zombies (D:3)
83 creatures vanquished.

Notes
Turn   | Place    | Note
-------+----------+-------------------------------------------
     0 | D:1      | lemonriz the Gargoyle Earth Elementalist began the quest
                  | for the Orb.
     0 | D:1      | Reached XP level 1. HP: 10/10 MP: 3/3
   325 | D:1      | Reached XP level 2. HP: 16/16 MP: 1/5
   586 | D:1      | Reached skill level 1 in Fighting
   586 | D:1      | Reached skill level 4 in Earth Magic
   586 | D:1      | Reached XP level 3. HP: 20/20 MP: 3/6
   720 | D:1      | You fall through a shaft!
   833 | D:2      | Found a sacrificial altar of Ru.
  1006 | D:2      | Learned a level 3 spell: Stone Arrow
  1124 | D:2      | Reached XP level 4. HP: 23/25 MP: 5/7
  1321 | D:2      | Reached skill level 1 in Armour
  1555 | D:2      | Found a bloodstained altar of Trog.
  1667 | D:3      | Found an iron altar of Okawaru.
  2089 | D:3      | Noticed an ogre
  2141 | D:3      | HP: 1/26 [ogre/giant spiked club (9)]
  2578 | D:3      | Found a shattered altar of Ashenzari.
  2651 | D:3      | Reached XP level 5. HP: 21/30 MP: 7/9
  2663 | D:3      | Noticed Natasha
  2674 | D:3      | Killed Natasha
  2691 | D:3      | Noticed Natasha
  2697 | D:3      | Killed Natasha
  2697 | D:3      | Reached skill level 5 in Earth Magic
  2907 | D:3      | Reached XP level 6. HP: 34/36 MP: 7/10
  3020 | D:3      | Noticed Natasha
  3023 | D:3      | Killed Natasha
  3104 | D:3      | Noticed Ijyb
  3138 | D:3      | Killed Ijyb
  3156 | D:3      | Found an ancient bone altar of Kikubaaqudgha.
  3191 | D:3      | Found a faded altar of an unknown god.
  3193 | D:3      | Became a worshipper of the Shining One
  3193 | D:3      | Reached * piety under the Shining One
  3721 | D:4      | Found a transporter.
  3722 | D:4      | Noticed Soeti's ghost (novice OpTm)
  3727 | D:4      | Found a transporter.
  3794 | D:4      | Reached XP level 7. HP: 33/42 MP: 11/11
  3904 | D:4      | Found a glowing silver altar of Zin.
  4036 | D:5      | Entered Level 5 of the Dungeon
  4050 | D:5      | Reached skill level 6 in Earth Magic
  4079 | D:5      | Got a fine dagger
  4080 | D:5      | Identified the +12 dagger of Radicalism {pierce, +Rage rC-
                  | MR+++ Str-3} (You found it on level 5 of the Dungeon)
  4135 | D:4      | Found a staircase to the Ecumenical Temple.
  4172 | D:4      | Found a sparkling altar of Nemelex Xobeh.
  4183 | D:4      | Paralysed by fainting for 9 turns
  4228 | D:4      | Paralysed by fainting for 7 turns
  4248 | D:4      | Paralysed by fainting for 5 turns
  4261 | D:4      | Paralysed by fainting for 5 turns
  4299 | D:4      | Starved to death

Vault maps used:
D:1:      grunt_arrival_crossed_arrows
D:2:      old_standard_altar, minmay_item_behind_shaft, lemuel_statue_altar
D:3:      overflow_temple_1_default, lemuel_zombie_altar_kikubaaqudgha,
          cheibrodos_ashenzari_chains, chequers_ecumenical_altar_twisty,
          uniq_natasha, uniq_ijyb
D:4:      lemuel_round_altar, lemuel_round_altar, zin_statuary,
          minmay_temple_entry_statues_pillars, first_ration,
          gammafunk_ghost_arena

Skill      XL: |  1  2  3  4  5  6  7 |
---------------+----------------------+-----
Fighting       | 1 2 3 4 |  4.1
Earth Magic    | 4 5 6 |  6.0
Stealth        | 3 |  3.0
Armour         | 1 2 3 |  3.8
Spellcasting   | 3 |  3.0
Dodging        | |  1.5
Transmutations | |  0.7

Action                   |  1- 3 |  4- 6 |  7- 9 || total
-------------------------+-------+-------+-------++-------
Melee: Unarmed           |    84 |       |       ||    84
       Club              |    11 |    34 |       ||    45
       Flail             |       |   150 |    27 ||   177
       Dagger            |       |       |     3 ||     3
Throw: Stone             |     9 |       |       ||     9
       Javelin           |     3 |     8 |       ||    11
 Cast: Sandblast         |    42 |    61 |     7 ||   110
  Use: Scroll            |       |     6 |       ||     6
 Stab: Sleeping          |       |     1 |       ||     1
  Eat: Chunk             |     1 |     5 |       ||     6
       Ration            |       |     1 |       ||     1
Armor: Robe              |    45 |    47 |       ||    92
       Ring mail         |       |    68 |    24 ||    92
       Skin              |       |     3 |       ||     3
Dodge: Dodged            |    64 |   150 |    17 ||   231

Table legend:
 A = Non-vault XP
 B = Vault XP
 C = Vault XP percentage of total XP
 D = Non-vault monster count
 E = Vault monster count
 F = Vault count percentage of total count
                 A         B        C        D         E       F
            +---------+---------+-------+---------+---------+-------
      Total |     708 |      77 |   9.8 |      77 |       6 |   7.2
            +---------+---------+-------+---------+---------+-------
        D:1 |      45 |       0 |   0.0 |      18 |       0 |   0.0
        D:2 |      53 |       0 |   0.0 |      22 |       0 |   0.0
        D:3 |     300 |      77 |  20.4 |      25 |       6 |  19.4
        D:4 |     262 |       0 |   0.0 |      11 |       0 |   0.0
        D:5 |      48 |       0 |   0.0 |       1 |       0 |   0.0
            +---------+---------+-------+---------+---------+-------
